 Dungeon Crawl Stone Soup version 0.29.1-1-gd02db6906a (webtiles) character file.

Game seed: 13174854057309394093

273 Colgate the Chiller (level 6, -8/41 HPs)
             Began as a Barachi Ice Elementalist on Oct 9, 2022.
             Mangled by a wight
             ... wielding a +0 hand axe
              (12 damage)
             ... on level 5 of the Dungeon.
             The game lasted 00:09:09 (2954 turns).

Colgate the Chiller (Barachi Ice Elementalist)      Turns: 2954, Time: 00:09:09

Health: -8/41      AC: 11    Str:  9    XL:     6   Next: 24%
Magic:  9/9        EV: 12    Int: 17    God:
Gold:   165        SH:  0    Dex: 13    Spells: 2/9 levels left

rFire   . . .      SeeInvis +   a - +3 dagger "X" {vorpal, *Slow rN++ Will+}
rCold   x . .      Faith    .   m - orb {mayhem}
rNeg    + + .      Spirit   .   e - +0 robe
rPois   +          Reflect  .   (no helmet)
rElec   .          Harm     .   (no cloak)
rCorr   .          Rampage  .   u - +1 pair of gloves "Puniduff" {rPois rC- Will+++ SInv}
Will    ++++.                   (no boots)
Stlth   ++........              l - amulet of magic regeneration
HPRegen 0.13/turn               (no ring)
MPRegen 0.51/turn               (no ring)

@: ice-armoured, unable to hop, slow
A: amphibious, slowness 1, strong legs 1, +LOS
a: Hop


You were on level 5 of the Dungeon.
You visited 1 branch of the dungeon, and saw 5 of its levels.

You collected 165 gold pieces.

Inventory:

Hand Weapons
 a - the +3 dagger "X" (weapon) {vorpal, *Slow rN++ Will+}
   (You found it on level 2 of the Dungeon)

   It inflicts extra damage upon your enemies.
   rN:        It greatly protects you from negative energy.
   *Slow:     It may slow you when you take damage.
   Will:      It increases your willpower.
Missiles
 s - a throwing net {!f}
Armour
 e - a +0 robe (worn)
 m - an orb of mayhem (worn)
 n - a +2 pair of gloves
 u - the +1 pair of gloves "Puniduff" (worn) {rPois rC- Will+++ SInv}
   (You found it on level 5 of the Dungeon)

   rC:        It makes you vulnerable to cold.
   rPois:     It protects you from poison.
   SInv:      It lets you see invisible.
   Will:      It greatly increases your willpower.
Jewellery
 l - an amulet of magic regeneration (around neck)
Wands
 r - a wand of acid (11) {@v1}
Scrolls
 f - a scroll of fear {unknown}
 g - 2 scrolls of poison {unknown}
 q - a scroll of vulnerability {unknown}
 t - 3 scrolls of teleportation {unknown}
Potions
 b - 2 potions of magic
 c - a potion of degeneration
 d - 2 potions of brilliance {unknown}
 h - a potion of haste {unknown}
 i - 2 potions of invisibility
 j - a potion of resistance {unknown}
 k - 3 potions of flight
 o - 2 potions of curing {unknown}
 p - a potion of heal wounds {unknown}


   Skills:
 - Level 2.1 Dodging
 - Level 1.7 Stealth
 - Level 2.1 Spellcasting
 + Level 4.6 Conjurations
 - Level 7.0 Ice Magic


You had 2 spell levels left.
You knew the following spells:

 Your Spells              Type           Power      Damage    Failure   Level
a - Freeze                Ice            100%       1d11      1%          1
b - Frozen Ramparts       Ice            50%        1d8       3%          3
c - Ozocubu's Armour      Ice            25%        N/A       3%          3

Your spell library contained the following spells:

 Spells                   Type           Power      Damage    Failure   Level
 Hailstorm                Conj/Ice       21%        3d6       17%         4
 Gell's Gravitas          Tloc           1%         N/A       50%         3
 Lesser Beckoning         Tloc           1%         N/A       50%         3
 Teleport Other           Tloc           1%         N/A       50%         3


Dungeon Overview and Level Annotations

Branches:
Dungeon (6/15)
 Temple: D:4-7

Altars:
Zin

Annotations:
D:3 3 runed translucent doors, Hadkhar's ghost, amateur MfGl


Innate Abilities, Weirdness & Mutations

You are amphibious.
You cover ground slowly.
You can hop short distances.
You have an extended range of vision and can be seen from far away.


Message History

* * * LOW HITPOINT WARNING * * *
You hit the wight. The wight hits you with a +3 falchion!
* * * LOW HITPOINT WARNING * * *
You hit the wight.
A wight comes into view. It is wielding a +0 hand axe.
The wight misses you.
You hit the wight.
You destroy the wight!
Your life force feels restored.
Your Conjurations skill increases to level 4!
You have reached level 6!
Okay, then.
Hop to where?
Your icy armour will break if you move.
Continue?
Your icy armour cracks and falls away as you move.
Boing!
Casting: Ozocubu's Armour (dangerous; 3% risk of failure)
A film of ice covers your body!
You hit the wight but do no damage. The wight hits you with a +0 mace.
* * * LOW HITPOINT WARNING * * *
You partially resist.
You closely miss the wight. The wight completely misses you.
You hit the wight but do no damage. The wight closely misses you.
You hit the wight. The wight barely misses you.
You hit the wight but do no damage. The wight closely misses you.
You hit the wight. The wight closely misses you.
You hit the wight but do no damage. The wight hits you but does no damage.
You hit the wight.
You destroy the wight!
The wight flies into a frenzy!
You hit the wight but do no damage. The wight completely misses you.
The wight hits you but does no damage.
You hit the wight. The wight hits you with a +0 hand axe.
* * * LOW HITPOINT WARNING * * *
You partially resist.
You hit the wight. The wight hits you with a +0 hand axe.
* * * LOW HITPOINT WARNING * * *
The wight closely misses you.
You completely miss the wight. The wight hits you with a +0 hand axe!
You die...

#.....z########## ##)..#.#
##.##.# #.####.##z#
#.........# ######z#### #.#
#############.###
#.......#.@z....#
#.#####.#.###.#.# #.# #.#.#
#.#.#
#.#####.#.###.#.#########
#.##.....................
###.##.##.#.##....#########
#.....#...#.#.....#
#....###.##.##....#
#..##.#.###.......#


You could see a neutral wight (fast, strong, insane).

Vanquished Creatures
  2 wights (D:5)
  An iguana (D:6)
  A gnoll (D:6)
  5 adders
  A worm (D:3)
  A dart slug (D:1)
  7 orcs
  5 endoplasms
  3 giant cockroaches
  8 goblins
  9 hobgoblins
  4 jackals (D:1)
  2 quokkas
  3 ball pythons
  4 bats
  5 frilled lizards (D:2)
  3 kobolds (D:1)
  3 rats
67 creatures vanquished.

Vanquished Creatures (collateral kills)
  A gnoll (D:6)
1 creature vanquished.

Vanquished Creatures (others)
  A gnoll (D:6)
  3 plants (D:2)
4 creatures vanquished.

Grand Total: 72 creatures vanquished

Notes
Turn   | Place    | Note
-------+----------+-------------------------------------------
     0 | D:1      | Colgate the Barachi Ice Elementalist began the quest for
                  | the Orb.
     0 | D:1      | Reached XP level 1. HP: 13/13 MP: 3/3
    97 | D:1      | Reached skill level 5 in Ice Magic
   201 | D:1      | Reached XP level 2. HP: 16/19 MP: 0/5
   861 | D:1      | Reached XP level 3. HP: 20/24 MP: 3/6
   865 | D:1      | Learned a level 3 spell: Frozen Ramparts
   909 | D:1      | Reached skill level 6 in Ice Magic
  1015 | D:2      | Identified the +3 dagger "X" {vorpal, *Slow rN++ Will+}
  1168 | D:2      | Found a glowing silver altar of Zin.
  1323 | D:2      | Reached XP level 4. HP: 30/30 MP: 5/7
  1653 | D:2      | Learned a level 3 spell: Ozocubu's Armour
  2065 | D:3      | Reached skill level 7 in Ice Magic
  2231 | D:3      | Found a runed translucent gate.
  2231 | D:3      | Found a runed translucent gate.
  2232 | D:3      | Found a runed translucent gate.
  2233 | D:3      | Noticed Hadkhar's ghost (amateur MfGl)
  2368 | D:3      | You fall into a shaft and drop 3 floors!
  2398 | D:6      | Noticed a black bear
  2415 | D:6      | Reached skill level 1 in Conjurations
  2429 | D:6      | Reached XP level 5. HP: 27/35 MP: 6/8
  2568 | D:5      | Entered Level 5 of the Dungeon
  2873 | D:5      | Identified the +1 pair of gloves "Puniduff" {rPois rC-
                  | Will+++ SInv}
  2918 | D:5      | Reached XP level 6. HP: 4/41 MP: 9/9
  2954 | D:5      | Mangled by a wight

Illustrated notes

Levels and vault maps discovered:
D:1:      minmay_arrival_four_loops, layout_basic
D:2:      layout_basic, basic_altar, minmay_lizard_king
D:3:      layout_basic, gammafunk_ghost_cemetery
D:5:      layout_loops_corners, kennysheep_generic_room_10
D:6:      layout_loops_cross, minmay_a_box_with_orc_wizards_in_it,
          uniq_eustachio

Skill      XL: |  1  2  3  4  5 |
---------------+----------------+-----
Ice Magic      | 5 6 7 |  7.0
Conjurations   | 1 4 |  4.6
Dodging        | |  2.1
Stealth        | |  1.7
Spellcasting   | |  2.1

Action                   |  1- 3 |  4- 6 || total
-------------------------+-------+-------++-------
Melee: Unarmed           |    10 |       ||    10
       Dagger            |       |    27 ||    27
 Cast: Freeze            |    47 |    17 ||    64
       Frozen Ramparts   |     1 |    15 ||    16
       Ozocubu's Armour  |       |     3 ||     3
 Abil: Hop               |     1 |     2 ||     3
  Use: Scroll            |     2 |     1 ||     3
Armor: Robe              |     9 |     4 ||    13
Dodge: Dodged            |    28 |    13 ||    41
